 Dungeon Crawl Stone Soup version 0.19.3-4-gbf9329e (webtiles) character file.

934 Naow the Conjurer (level 7, -1/36 HPs)
             Began as a Deep Elf Conjurer on Jan 26, 2017.
             Was an Initiate of Vehumet.
             Splashed by a jelly's acid (10 damage)
             ... on level 5 of the Dungeon.
             The game lasted 00:14:20 (5749 turns).

Naow the Conjurer (Deep Elf Conjurer)               Turns: 5749, Time: 00:14:21

Health: -1/36      AC: -1    Str:  5    XL:     7   Next: 86%
Magic:  0/19       EV: 15    Int: 22    God:    Vehumet [......]
Gold:   224        SH:  0    Dex: 15    Spells: 5 memorised, 3 levels left

rFire  . . .     SeeInvis .     m - +1 short sword
rCold  . . .     Gourm    .     a - +0 robe
rNeg   . . .     Faith    .     (no shield)
rPois  .         Spirit   .     (no helmet)
rElec  .         Reflect  .     (no cloak)
rCorr  .         Harm     .     y - +0 pair of gloves
MR     .....                    (no boots)
Stlth  ++........               (no amulet)
                                (no ring)
                                (no ring)

@: corroded, very slightly contaminated
A: no striking features
a: Renounce Religion


You were on level 5 of the Dungeon.
You worshipped Vehumet.
Vehumet was noncommittal.
You were not hungry.

You visited 2 branches of the dungeon, and saw 6 of its levels.

You collected 224 gold pieces.

Inventory:

Hand Weapons
 m - a +1 short sword (weapon)
 v - a +1 antimagic short sword
Armour
 a - a +0 robe (worn)
 y - a +0 pair of gloves (worn)
 z - a +0 helmet
Wands
 p - a wand of digging (7/24)
 t - a wand of confusion (19/48)
 u - a wand of teleportation (9/9)
Scrolls
 f - a scroll of enchant weapon
 h - a scroll of recharging
 w - a scroll of immolation
Potions
 d - a potion of ambrosia {unknown}
 e - a potion of agility {unknown}
 g - a potion of lignification {unknown}
 i - 3 potions of cancellation
 n - a potion of resistance {unknown}
 o - a potion of heal wounds {unknown}
 q - a potion of mutation {unknown}
 s - 2 potions of cure mutation {unknown}
 A - a potion of degeneration {unknown}
Books
 b - a book of Conjurations

   Spells                             Type                      Level
   a - Magic Dart                     Conjuration                  1
   b - Searing Ray                    Conjuration                  2
   c - Dazzling Spray                 Conjuration/Hexes            3
   d - Fulminant Prism                Conjuration/Hexes            4
   e - Iskenderun's Mystic Blast      Conjuration                  4
   f - Iskenderun's Battlesphere      Conjuration/Charms           5
Comestibles
 c - 4 bread rations
 r - 3 meat rations


   Skills:
 + Level 4.9 Dodging
 - Level 2.4 Stealth
 + Level 6.8 Spellcasting
 + Level 7.3 Conjurations
 + Level 2.3 Hexes
 + Level 5.0 Charms


You had 3 spell levels left.
You knew the following spells:

 Your Spells              Type           Power        Failure   Level  Hunger
a - Magic Dart            Conj           ####         1%          1    None
b - Searing Ray           Conj           #####.       1%          2    None
c - Iskenderun's Battles  Conj/Chrm      ####....     21%         5    #####..
d - Iskenderun's Mystic   Conj           #####...     4%          4    ###....
e - Fulminant Prism       Conj/Hex       ####......   12%         4    ###....


Dungeon Overview and Level Annotations

Branches:
Dungeon (5/15)             Temple (1/1) D:4

Altars:
Ashenzari
Cheibriados
Dithmenos
Elyvilon
Fedhas
Gozag
Hepliaklqana
Kikubaaqudgha
Makhleb
Nemelex Xobeh
Okawaru
Qazlal
Ru
Sif Muna
Trog
Uskayaw
Vehumet
Xom
Yredelemnul
Zin
The Shining One

Shops:
D:5 }


Message History

There is an open door here.
Casting: Iskenderun's Mystic Blast
Confirm with . or Enter, or press ? or * to list all spells.
Aiming: Magic Dart
Press: ? - help, Shift-Dir - straight line, f/p - Edmund
Aim: Edmund, wielding a flail of protection and wearing a leather armour (almost dead)
The magic dart hits Edmund.
You kill Edmund!
Vehumet accepts your kill.
Your Hexes skill increases to level 2!
Your Charms skill increases to level 5!
Your battlesphere fires!
Your battlesphere expends the last of its energy and dissipates.
The jelly hits you.
You are splashed with acid!
The acid burns!
* * * LOW HITPOINT WARNING * * *
A jackal comes into view.
The jackal barks!
The jackal completely misses you. The jelly hits you.
* * * LOW HITPOINT WARNING * * *
The acid corrodes you!
You are splashed with acid!
The acid burns!
You die...

#.......# #.......#
.#'#...# ......##
#.....[# . ..#......#
..#.#......#
#.#.#..J...#
#.#.#h@#'##### $.#.
#......#)...$# ##.#.#
##.....#.....# .....#
#####...........# ......
.....#.#....§...#
..g.†######.....<......#
...........)...........#
..)....................#
###.)..###.....#.....##


You could see a jelly and a jackal.

Vanquished Creatures
  Menkaure (D:5)
  Edmund (D:5)
  2 ogres
  A scorpion (D:4)
  A howler monkey (D:5)
  An orc priest (D:3)
  A centaur skeleton (D:4)
  Terence (D:3)
  5 worker ants
  5 gnolls
  9 adders
  2 oozes
  A worm (D:4)
  2 dart slugs
  3 leopard geckos
  7 orcs
  3 giant cockroaches
  11 goblins
  3 hobgoblins
  11 jackals
  2 quokkas (D:3)
  2 ball pythons
  5 bats
  7 frilled lizards
  7 kobolds
  A quokka skeleton (D:4)
  9 rats
104 creatures vanquished.

Notes
Turn   | Place    | Note
-------+----------+-------------------------------------------
     0 | D:1      | Naow the Deep Elf Conjurer began the quest for the Orb.
     0 | D:1      | Reached XP level 1. HP: 10/10 MP: 6/6
   145 | D:1      | Reached XP level 2. HP: 15/15 MP: 5/8
   204 | D:1      | Learned a level 2 spell: Searing Ray
   494 | D:1      | Reached skill level 5 in Conjurations
   580 | D:1      | Reached XP level 3. HP: 19/19 MP: 7/10
  1305 | D:2      | Reached XP level 4. HP: 19/24 MP: 4/12
  2299 | D:3      | Noticed Terence
  2310 | D:3      | Killed Terence
  2310 | D:3      | Reached skill level 6 in Conjurations
  2322 | D:3      | Reached XP level 5. HP: 25/28 MP: 0/14
  2329 | D:3      | Learned a level 5 spell: Iskenderun's Battlesphere
  2334 | D:3      | Learned a level 4 spell: Iskenderun's Mystic Blast
  2447 | D:3      | Reached skill level 5 in Spellcasting
  2514 | D:3      | Noticed an ogre
  2543 | D:3      | Killed an ogre
  2543 | D:3      | Reached skill level 1 in Charms
  2875 | D:3      | Reached XP level 6. HP: 19/32 MP: 9/16
  3113 | D:4      | Learned a level 4 spell: Fulminant Prism
  3437 | D:4      | Found a staircase to the Ecumenical Temple.
  3460 | Temple   | Entered the Ecumenical Temple
  3536 | Temple   | Became a worshipper of Vehumet
  4344 | D:5      | Entered Level 5 of the Dungeon
  4355 | D:5      | Found Lesat's Gadget Shoppe.
  4431 | D:5      | Reached XP level 7. HP: 36/36 MP: 8/18
  4455 | D:5      | Noticed Menkaure
  4467 | D:5      | Killed Menkaure
  4467 | D:5      | Reached skill level 7 in Conjurations
  4467 | D:5      | Reached skill level 1 in Hexes
  4741 | D:5      | Noticed Edmund
  5747 | D:5      | Killed Edmund
  5747 | D:5      | Reached skill level 5 in Charms
  5749 | D:5      | Splashed by a jelly's acid

Skill      XL: |  1  2  3  4  5  6  7 |
---------------+----------------------+-----
Conjurations   | 5 6 7 |  7.3
Spellcasting   | 4 5 6 |  6.8
Dodging        | 3 4 |  4.9
Charms         | 2 4 5 |  5.0
Hexes          | 2 |  2.3
Stealth        | |  2.4

Action                   |  1- 3 |  4- 6 |  7- 9 || total
-------------------------+-------+-------+-------++-------
Melee: Unarmed           |     4 |       |       ||     4
       Short sword       |       |    26 |     3 ||    29
 Cast: Magic Dart        |    61 |    86 |    39 ||   186
       Searing Ray       |     4 |    17 |     7 ||    28
       Iskenderun's Myst |       |     1 |     5 ||     6
       Iskenderun's Batt |       |       |     1 ||     1
  Use: Scroll            |       |       |     7 ||     7
  Eat: Chunk             |     1 |     8 |     5 ||    14
       Beef jerky        |       |     1 |       ||     1
Armor: Robe              |     3 |     4 |     6 ||    13
Dodge: Dodged            |    12 |    33 |    26 ||    71
